Cogmind - Beta 16 @@@ ROGUE MODE // 2025.11.30 @ 20:51:00 Player: Petvaria Result: Destroyed by UE-EZT(R) with Subdweller Laser Performance ------------- Evolutions (0) 0 Regions Visited (2) 400 Robots Destroyed (34) 170 Value Destroyed (876) 876 Prototype IDs (12) 240 Alien Tech Used (0) 0 Bonus (0) 0 TOTAL SCORE: 1686 Bonus ------- None Cogmind --------- Core Integrity 0/250 Matter 296/300 Energy 81/100 System Corruption 0% Temperature Cool (6) Movement Rolling (110) Ox2 Location -10/Subcaves Parts ------- > --- POWER (1) -------- Subdweller Power Source > --- PROPULSION (2) --- Wheel > --- UTILITY (2) ------ Scrap Shield > --- WEAPON (2) ------- Subdweller Laser Barrage Gun > --- INVENTORY (5) ---- Subdweller Beam Cannon Battle Rifle Subdweller Machine Gun Subdweller Shrapnel Launcher Piercing Trap Peak State ------------ > --- POWER ------------ Subdweller Power Source > --- PROPULSION ------- Light Treads Spiked Treads > --- UTILITY ---------- Scrap Shield > --- WEAPON ----------- Subdweller Laser Subdweller Machine Gun > --- INVENTORY -------- Wheel Subdweller Laser Battle Rifle Barrage Gun Subdweller Shrapnel Launcher [Rating: 14] Favorites ----------- Power Subdweller Power Source Engine Subdweller Power Source Power Core Light Nuclear Core Propulsion Light Treads Treads Light Treads Wheel Wheel Utility Scrap Shield Device Seismic Detector Storage Small Storage Unit Protection Scrap Shield Weapon Assault Rifle Energy Gun Subdweller Laser Ballistic Gun Assault Rifle Build | -11 -10 -10 ------- Run | Yrd Mat Sub Slots Evolved . | . . . Power . | . . . Propulsion . | . . . Utility . | . . . Weapon . | . . . Parts Attached 28 | 7 3 18 Power 7 | 1 1 5 Engine 6 | 1 . 5 Core 1 | . 1 . Reactor . | . . . Propulsion 6 | 2 . 4 Treads 4 | 2 . 2 Leg . | . . . Wheel 2 | . . 2 Hover . | . . . Flight . | . . . Utility 6 | 2 1 3 Device 1 | 1 . . Storage 2 | 1 1 . Processor . | . . . Hackware . | . . . Protection 3 | . . 3 Artifact . | . . . Weapon 9 | 2 1 6 Energy Gun 3 | . . 3 Energy Cannon . | . . . Ballistic Gun 6 | 2 1 3 Ballistic Cannon . | . . . Launcher . | . . . Special Weapon . | . . . Impact Weapon . | . . . Slashing Weapon . | . . . Piercing Weapon . | . . . Special Melee Weapon . | . . . Unidentified Prototypes . | . . . Parts Lost 7 | . . 7 Power 1 | . . 1 Propulsion 3 | . . 3 Utility 2 | . . 2 Weapon 1 | . . 1 Highest Loss Streak 2 | . . 2 To Critical Strikes . | . . . Average Backups 4 | 3 7 4 Power . | . 1 . Propulsion 1 | 1 2 . Utility . | . . . Weapon 3 | . 2 3 Tool/Special . | . . . Unused Backups 8 | . 1 7 Power 1 | . . 1 Propulsion . | . . . Utility 1 | . . 1 Weapon 6 | . 1 5 Tool/Special . | . . . Average Slot Usage (%) 81 | . 98 79 Engine 8 | . 2 9 Core 2 | . 11 1 Treads 21 | . 27 20 Wheel 4 | . . 5 Device 1 | . 13 . Storage 1 | . 14 . Protection 11 | . . 12 Energy Gun 8 | . . 9 Ballistic Gun 19 | . 27 18 Peak Build Rating 14 | 7 10 14 Average Rating 11 | 4 9 11 On Entrance 5 | . 7 10 Avg Prop Armor Cover (%) 5 | . . 5 Naked Turns . | . . . Heaviest Build 50 | 13 50 50 Greatest Support 40 | 40 40 40 Greatest Overweight (x) 2 | . 1 2 Average Overweight (x) . | . . . Largest Inventory Capacity 20 | 8 20 20 Average Capacity 5 | 5 8 5 Most Carried 8 | 5 8 8 Average Carried 5 | 3 7 4 Final Capacity 20 | 8 20 5 Final Carried 8 | 3 8 5 Class Distribution -------------------- 51% | Mutant 48% | Subdweller-Mutant Dominant Class ---------------- Mutant | -10/Materials Subdweller-Mutant | -10/Subcaves Resources | -11 -10 -10 ----------- Run | Yrd Mat Sub Matter Collected 1162 | 330 231 601 Remotely . | . . . Salvage Created 1198 | 182 347 669 Parts 75 | 14 24 37 Haulers Intercepted 1 | . 1 . Recyclers Shooed 2 | 1 1 . Parts Field Recycled . | . . . Retrieved Matter . | . . . Parts Self-Destructed 15 | . . 15 Prevented . | . . . Parts Restored . | . . . Kills | -11 -10 -10 ------- Run | Yrd Mat Sub Combat Hostiles Destroyed 25 | . 8 17 Guns 25 | . 8 17 Classes Destroyed 8 | 2 4 2 Worker 1 | . 1 . Tunneler 5 | 5 . . Hauler 1 | . 1 . Recycler 2 | 1 1 . Swarmer 6 | . 6 . Grunt 2 | . 2 . Sentry 1 | . . 1 Subdweller 16 | . . 16 Best Kill Streak 3 | 3 3 3 Combat Bots Only 3 | . 3 3 Max Kills in Single Turn 1 | 1 1 1 Gunslinging . | . . . Exploded . | . . . Melee . | . . . Uniques/NPCs Destroyed . | . . . Combat | -11 -10 -10 -------- Run | Yrd Mat Sub Hostile Shots Fired 142 | . 30 112 Missed 33 | . 5 28 Hits 109 | . 25 84 Projectile 109 | . 25 84 AOE 7 | . . 7 Critical Strikes 3 | . . 3 Damage Taken 2469 | . 252 2217 Core 264 | . 50 214 Absorbed by Shields . | . . . Regen/Repaired (Parts) 156 | . 156 . Core Remaining (%) 100 | 100 . . Volleys Fired 154 | 10 30 114 Largest 2 | 2 2 2 Hottest 90 | 40 40 90 Shots Fired 268 | 20 60 188 Gun 268 | 20 60 188 Cannon . | . . . Launcher . | . . . Special . | . . . Kinetic 197 | 20 60 117 Thermal 71 | . . 71 Explosive . | . . . Electromagnetic . | . . . Robot Hit Streak 42 | 4 8 42 Robot Miss Streak 3 | 3 3 2 Penetration Max . | . . . Secondary Targets 3 | . . 3 Max Gunslinging Chain 1 | . . 1 Shots Hit Robots 168 | 11 37 120 Core Hits 59 | 7 16 36 Critical Kills . | . . . Critical Parts Destroyed 1 | . . 1 Critical Strikes 3 | . . 3 Destroy 3 | . . 3 Melee Attacks . | . . . Impact . | . . . Slashing . | . . . Piercing . | . . . Sneak Attacks . | . . . Combat Hostiles . | . . . Follow-up Attacks . | . . . Damage Inflicted 2465 | 135 470 1860 Guns 2465 | 135 470 1860 Cannons . | . . . Explosions . | . . . Melee . | . . . Ramming . | . . . Kinetic 1916 | 135 470 1311 Thermal 549 | . . 549 Explosive . | . . . Electromagnetic . | . . . Impact . | . . . Slashing . | . . . Piercing . | . . . Highest Corruption . | . . . Average Corruption . | . . . Corruption Purged . | . . . Corruption Blocked . | . . . Overload Shots . | . . . Overflow Damage . | . . . Projectiles . | . . . Explosions . | . . . Melee . | . . . Knockbacks . | . . . Impact . | . . . Kinetic . | . . . Secondary . | . . . Self-Inflicted Damage . | . . . Shots . | . . . Rammed . | . . . Targets Rammed . | . . . Kicked . | . . . Crushed . | . . . Highest Temperature 245 | . 2 245 Average Temperature 68 | . 2 70 Received Heat Transfer 733 | . 93 640 Siege Activations . | . . . Martial Activations . | . . . Shielding Activations . | . . . Robots Disrupted . | . . . Combat Hostiles . | . . . Robots Corrupted . | . . . Combat Hostiles . | . . . Parts Fried . | . . . Impact Corruptions . | . . . Robots Melted . | . . . Combat Hostiles . | . . . Parts Melted 5 | . . 5 Heat Transferred 675 | . . 675 Parts Sabotaged . | . . . Parts Stolen . | . . . Parts Stripped . | . . . Power Chain Reactions . | . . . Alert | -11 -10 -10 ------- Run | Yrd Mat Sub Maximum Alert Level . | . . . Low Security (%) 100 | 100 100 . Level 1 . | . . . Level 2 . | . . . Level 3 . | . . . Level 4 . | . . . Level 5 . | . . . High Security . | . . . Max Security . | . . . Peak Influence 119 | 10 119 . Initial . | . . . Average 31 | 1 38 . Influence Increases 301 | 30 221 50 Destroy 0b10 Robot/C 180 | . 160 20 Destroy 0b10 Robot/NC 45 | 30 15 . Destroy Leader 32 | . 32 . Successful Hack 12 | . 12 . Destroy Structure 2 | . 2 . Lose Combat Pursuer 30 | . . 30 Influence Decreases 301 | 30 221 50 Time Decay 301 | 30 221 50 Squads Dispatched . | . . . Investigation . | . . . Extermination . | . . . Reinforcement . | . . . Assault . | . . . Garrison . | . . . Intercept . | . . . Searches Triggered . | . . . Construction Impeded . | . . . Haulers Reinforced . | . . . Active Scanning Responses . | . . . Cargo Convoy Interrupts . | . . . Stealth | -11 -10 -10 --------- Run | Yrd Mat Sub Distress Signals 1 | . 1 . Communications Jammed . | . . . Distress Signals . | . . . Times Spotted 29 | . 9 20 Peak Tracking Total 3 | . 3 3 Tactical Retreats 1 | . . 1 Traps | -11 -10 -10 ------- Run | Yrd Mat Sub Traps Triggered 3 | . . 3 Indirectly . | . . . Trap Hack Attempts . | . . . Triggered . | . . . Disarmed . | . . . Reprogrammed . | . . . Reused . | . . . Traps Extracted . | . . . Installed . | . . . Triggered . | . . . Most Traps Carried 1 | . . 1 Machines | -11 -10 -10 ---------- Run | Yrd Mat Sub Machines Disabled . | . . . Max in Single Turn . | . . . Machines Repaired . | . . . Machines Dismantled . | . . . Machines Sabotaged . | . . . Overloaded Fab Kills . | . . . Hacking | -11 -10 -10 --------- Run | Yrd Mat Sub Machines Accessed 7 | . 4 3 Terminals 3 | . 3 . Fabricators . | . . . Repair Stations 1 | . 1 . Recycling Units . | . . . Scanalyzers . | . . . Garrison Access . | . . . Total Hacks 22 | . 17 5 Successful 19 | . 14 5 Failed 3 | . 3 . Catastrophic . | . . . Database Lockouts . | . . . Manual 8 | . 8 . Terminals 8 | . 8 . Fabricators . | . . . Repair Stations 9 | . 9 . Recycling Units . | . . . Scanalyzers . | . . . Garrison Access . | . . . Terminal Hacks 5 | . . 5 Record 3 | . . 3 Open Door 1 | . . 1 Proto ID Catalog 1 | . . 1 Fabricator Hacks . | . . . Repair Station Hacks 8 | . 8 . Scan Component 4 | . 4 . Repair 4 | . 4 . Recycling Unit Hacks . | . . . Scanalyzer . | . . . Garrison Access Hacks . | . . . Unauthorized Hacks 6 | . 6 . Terminals 6 | . 6 . Botnet 2 | . 2 . Operators 1 | . 1 . Skim 3 | . 3 . Fabricators . | . . . Repair Stations . | . . . Recycling Units . | . . . Scanalyzers . | . . . Garrison Access . | . . . Data Cores Recovered . | . . . Used . | . . . Hacking Detections 3 | . 3 . Full Trace Events . | . . . Feedback Events . | . . . Feedback Blocked . | . . . Robot Schematics Acquired . | . . . Robots Built . | . . . Authchips . | . . . Time . | . . . Total Robot Build Rating . | . . . Part Schematics Acquired . | . . . Parts Built . | . . . Authchips . | . . . Time . | . . . Total Part Build Rating . | . . . Part Studies Acquired . | . . . Parts Repaired 4 | . 4 . Time 104 | . 104 . Parts Recycled . | . . . Recycled Matter . | . . . Retrieved Matter . | . . . Retrieved Components . | . . . Parts Scanalyzed . | . . . Part Schematics Acquired . | . . . Parts Damaged . | . . . Bothacking | -11 -10 -10 ------------ Run | Yrd Mat Sub Used RIF Installer . | . . . Robots Hacked . | . . . Non-combat . | . . . Combat . | . . . Robot Hacks Applied . | . . . Relay Couplers Released . | . . . Fabnet Peak Effective % . | . . . Robots Rewired . | . . . Allies Hacked . | . . . Hacks Repelled . | . . . Allies | -11 -10 -10 -------- Run | Yrd Mat Sub Total Allies . | . . . Largest Group . | . . . Highest-Rated Group . | . . . Highest-Rated Ally . | . . . Total Orders . | . . . Ally Attacks . | . . . Total Damage . | . . . Kills . | . . . Allies Corrupted . | . . . Allies Melted . | . . . Intel | -11 -10 -10 ------- Run | Yrd Mat Sub Active Infowar (turns) 779 | 29 668 82 Seismic 779 | 29 668 82 Robot Analysis Total . | . . . Derelict Logs Recovered 2 | . . 2 Drone Launches . | . . . Drone Recoveries . | . . . Exploration | -11 -10 -10 ------------- Run | Yrd Mat Sub Turns Passed 6112 | 167 694 5251 Spaces Moved 3760 | 84 241 3435 Core 12 | 12 . . Treads 1932 | 72 241 1619 Legs . | . . . Wheels 1816 | . . 1816 Hover . | . . . Flight . | . . . Fastest Speed 50 | 50 160 80 Average Speed 134 | 144 167 131 Slowest Speed 260 | 160 240 260 Overloaded Moves . | . . . Propulsion Burnouts . | . . . Robots Hopped . | . . . Potential Cave-ins . | . . . Cave-ins Triggered . | . . . Exploration Rate (%) 42 | 4 33 91 Regions Visited 2 Branch Regions 1 Pre-discovered Areas 1 | . . 1 Known Exits Taken . | . . . Unknown Exits Taken 2 | 1 1 . Scrap Searched 16 | . . 16 Spaces Dug . | . . . Terrain Destroyed . | . . . Melee . | . . . Projectile . | . . . AOE . | . . . Terrain Rammed . | . . . Walls Destroyed . | . . . Machines Disabled . | . . . Actions | -11 -10 -10 --------- Run | Yrd Mat Sub Total 4555 | 110 472 3973 Wait 531 | . 184 347 Move 3758 | 83 240 3435 Hop . | . . . Pick Up 30 | 10 8 12 Fast Attach 12 | . 3 9 Attach 11 | 7 . 4 Detach 1 | . . 1 Swap 18 | . 3 15 Drop 24 | . 4 20 Fire 154 | 10 30 114 Melee . | . . . Ram . | . . . Kick . | . . . Crush . | . . . Escape Stasis . | . . . Rewire . | . . . Trap . | . . . Miscellaneous 16 | . . 16 Route ------- -11/Scrapyard -10/Materials (discovered 3 exits: [*Mat] / [*Min] / *Sub) -10/Subcaves (discovered 2 exits: [*Mat x2]) History --------- Turn | Location | Event 10 | -11/Scrapyard | Discovered new exit (range 15) 168 | -11/Scrapyard | Entered Materials 302 | -10/Materials | Build established: Mutant 477 | -10/Materials | Discovered new exit (range 7) 530 | -10/Materials | Repaired Assault Rifle 557 | -10/Materials | Repaired Seismic Detector 585 | -10/Materials | Repaired Assault Rifle 612 | -10/Materials | Repaired Lgt. Treads 674 | -10/Materials | Discovered new exit (range 16) 747 | -10/Materials | Discovered new exit (range 5) 862 | -10/Materials | Entered Subcaves 863 | -10/Subcaves | Approached by a straggling Scientist 936 | -10/Subcaves | Core integrity fell below 50% 1457 | -10/Subcaves | A swath of the cavern ceiling suddenly collapsed 1500 | -10/Subcaves | Shifting Twisted Machinery released Sub. Laser 1555 | -10/Subcaves | Shifting Twisted Machinery released Riot Gun 1571 | -10/Subcaves | Discovered new exit (range 6) 1681 | -10/Subcaves | Discovered new exit (range 10) 2022 | -10/Subcaves | Visited Clippyterm 2025 | -10/Subcaves | Learned Factory fabricator intel 2051 | -10/Subcaves | Ambushed by Subdweller buried in earth 2363 | -10/Subcaves | Shifting Twisted Machinery released Spk. Treads 2368 | -10/Subcaves | Shifting Twisted Machinery released Sub. Laser 2469 | -10/Subcaves | Learned 2 Materials zone layouts 2471 | -10/Subcaves | A swath of the cavern ceiling suddenly collapsed 2478 | -10/Subcaves | Build established: Subdweller-Mutant 3089 | -10/Subcaves | Learned location of Storage (-9) 4858 | -10/Subcaves | Shifting Twisted Machinery released Piercing Trap 4859 | -10/Subcaves | Shifting Twisted Machinery released Sub. Beam Cannon 4964 | -10/Subcaves | Build established: Mutant 5007 | -10/Subcaves | Visited 4L-MR0's lab 5470 | -10/Subcaves | Disturbed a concealed Subdweller 5500 | -10/Subcaves | Core integrity fell below 20% 5992 | -10/Subcaves | Build established: Subdweller-Mutant 6113 | -10/Subcaves | Destroyed by UE-EZT(R) with Subdweller Laser Last Messages --------------- Scrap Shield destroyed. Critical hit (Meltdown: +250). MR-FRE(R) suffers critical hit (Destroy). Spk. Treads destroyed. Sub. Monowheel melted. MR-FRE(R) destroyed. Acquired 39 matter. Acquired 21 matter. Subatomizers dissect the Flamer. Acquired Scrap Shield. Scrap Shield Fragment affixed to Scrap Shield (+43). Sub. Power Source shoots sparks and powers down. Acquired 12 matter. Scrap Shield Fragment affixed to Scrap Shield (+48). Acquired 8 matter. Connecting with UFD SUBCON Station... >>Open Door Sealed Heavy Doors opened. Map ----- +----------------------------------------------------+ | ?????????????????????????????????????????????????? | | ?????????????????????????????##"#????????????????? | | ???????????????????????????? " #????????????????? | | ????????????????????????????" "?????????????????? | | ???????????????????????????? "#????????????????? | | ???????????????????????????""& ####?????????????? | | ????????????????????????### ? # ?????????????? | | ????????????????????????# # " # ??????????????? | | ???????????????????????##